 Dungeon Crawl Stone Soup version 0.29-a0-555-g3b24f45cc1 (webtiles) character file.

Game seed: 7013901054616815966

408 2FriedEggs the Caller (level 6, 41/41 HPs)
             Began as a Vampire Summoner on June 7, 2022.
             Was an Initiate of Ashenzari.
             Quit the game on level 5 of the Dungeon.
             The game lasted 00:10:59 (5157 turns).

2FriedEggs the Caller (Vampire Summoner)            Turns: 5157, Time: 00:10:59

Health: 41/41      AC:  5    Str:  7    XL:     6   Next: 57%
Magic:  10/11      EV: 12    Int: 26    God:    Ashenzari [......]
Gold:   188        SH:  0    Dex: 14    Spells: 3/11 levels left

rFire   . . .      SeeInvis +   t - staff of poison
rCold   . . .      Faith    .   (no shield)
rNeg    . . .      Spirit   .   a - +0 robe
rPois   +          Reflect  .   (no helmet)
rElec   .          Harm     .   v - +2 cloak
rCorr   .          Rampage  .   (no gloves)
Will    .....                   (no boots)
Stlth   ++........              (no amulet)
HPRegen 0.33/turn               p - +6 ring of intelligence
MPRegen 0.12/turn               (no ring)

@: healing quickly, studying Maces & Flails
A: alive, fangs 3, see invisible, vampiric 2, [frail 1]
a: Exsanguinate, Renounce Religion


You were on level 5 of the Dungeon.
You worshipped Ashenzari.
Ashenzari was noncommittal.
You visited 2 branches of the dungeon, and saw 6 of its levels.

You collected 188 gold pieces.

Inventory:

Hand Weapons
 c - a +0 flail
 e - a +0 hunting sling
 j - a +1 whip of flaming
Armour
 a - a +0 robe (worn)
 m - an orb of wrath
 v - a +2 cloak (worn)
Magical Staves
 t - a staff of poison (weapon)
Jewellery
 p - a +6 ring of intelligence (left hand)
Wands
 r - a wand of flame (18)
 y - a wand of iceblast (9)
Scrolls
 f - a scroll of vulnerability {unknown}
 g - 8 scrolls of identify {unknown}
 h - 8 scrolls of teleportation
 l - 2 scrolls of noise {unknown}
 n - a scroll of immolation {unknown}
 o - a scroll of summoning {unknown}
 s - a scroll of poison {unknown}
Potions
 b - a potion of magic
 d - 3 potions of degeneration
 i - 2 potions of attraction {unknown}
 k - 2 potions of curing
 q - a potion of berserk rage {unknown}
 u - a potion of lignification {unknown}
 w - a potion of might
 x - a potion of flight {unknown}


   Skills:
 + Level 2.6 Fighting
 - Level 2.1 Dodging
 - Level 3.7 Stealth
 + Level 3.4 Spellcasting
 * Level 6.1 Summonings
 * Level 1.2 Poison Magic


You had 3 spell levels left.
You knew the following spells:

 Your Spells              Type           Power      Damage    Failure   Level
a - Summon Small Mammal   Summ           100%       N/A       1%          1
b - Call Canine Familiar  Summ           36%        N/A       2%          3
c - Call Imp              Summ           36%        N/A       1%          2
d - Poisonous Vapours     Pois/Air       22%        N/A       11%         2

Your spell library contained the following spells:

 Spells                   Type           Power      Damage    Failure   Level
 Summon Guardian Golem    Hex/Summ       20%        N/A       8%          3
 Beastly Appendage        Tmut           8%         N/A       9%          1
 Ensorcelled Hibernation  Hex/Ice        8%         N/A       14%         2
 Passwall                 Tmut/Erth      3%         N/A       14%         2
 Wereblood                Tmut           4%         N/A       14%         2
 Spider Form              Tmut/Pois      11%        N/A       22%         3
 Swiftness                Air            4%         N/A       26%         3
 Summon Lightning Spire   Summ/Air       20%        N/A       26%         4
 Corpse Rot               Necr/Pois/Air  10%        N/A       58%         4
 Fireball                 Conj/Fire      2%         3d4       94%         5
 Starburst                Conj/Fire      2%         6d3       100%        6
 Ignition                 Fire           2%         3d3       100%        8


Dungeon Overview and Level Annotations

Branches:
Dungeon (5/15)             Temple (1/1) D:5

Altars:
Ashenzari
Cheibriados
Dithmenos
Kikubaaqudgha
Makhleb
Okawaru
Qazlal
Ru
Sif Muna
Trog
Uskayaw
Vehumet
Wu Jian
Xom
The Shining One
Lugonu


Innate Abilities, Weirdness & Mutations

Your natural rate of healing is accelerated.
You have razor-sharp teeth.
You have supernaturally acute eyesight. (SInv)
You are afflicted with vampirism and can become a bat while bloodless.
[You are frail. (-10% HP)]


Message History

An adder is nearby!
An adder is nearby!
An adder is nearby!
Casting: Call Canine Familiar (dangerous; 2% risk of failure)
Confirm with . or Enter, or press ? or * to list all spells.
Casting: Summon Small Mammal (safe; 1% risk of failure)
Confirm with . or Enter, or press ? or * to list all spells.
You swap places.
You swap places.
You swap places.
Your rat bites the adder.
The adder hisses angrily.
You swap places.
Your rat misses the adder. You barely miss the adder.
The adder is heavily wounded.
The adder bites you but does no damage.
Your rat misses the adder.
Your rat barely misses the adder.
Your rat closely misses the adder.
Your rat bites the adder but does no damage.
The adder misses you.
Your rat bites the adder.
Your rat barely misses the adder.
The adder bites you but does no damage.
You closely miss the adder.
The adder is heavily wounded.
The adder barely misses you.
Your rat bites the adder.
Your rat barely misses the adder.
You closely miss the adder.
The adder is severely wounded.
The adder barely misses you.
Your rat bites the adder.
Your rat barely misses the adder.
The adder closely misses you.
You closely miss the adder.
The adder is almost dead.
The adder bites you but does no damage.
Your rat barely misses the adder. x2
You miss the adder. You bite the adder, but do no damage.
The adder is almost dead.
The adder misses you.
Your rat bites the adder.
The adder dies!
No target in view!
No target in view!
Are you sure you want to abandon this character and quit the game? (Confirm with "yes".)
Okay, then.
Are you sure you want to abandon this character and quit the game? (Confirm with "yes".)

########### ..).......
#...##.# #....#.#
#####..r†..# #####
.......@r..# #.... ####
###.#.##...# ##...
...## # ##..# #...
....# .# ##.# #...
....# .#.####.## #...
....# .#.##....# ###.
....########.#.##....##
#.
.............#.##.....#
#.
.............#.##...#.#
#.


You could see 2 friendly rats.

Vanquished Creatures
  A phantom (D:5)
  A nameless horror (D:2)
  Natasha (D:3)
  A worm (D:2)
  A dart slug (D:1)
  3 orcs
  5 ball pythons
  4 bats
  3 endoplasms
  2 goblins
  4 hobgoblins
  A quokka (D:1)
  A frilled lizard (D:2)
28 creatures vanquished.

Vanquished Creatures (collateral kills)
  A sky beast (D:4)
  Natasha (twice) (D:3)
  An iguana (D:5)
  4 adders
  A gnoll (D:1)
  2 worms (D:3)
  2 dart slugs (D:3)
  3 orcs
  3 bats
  4 endoplasms
  2 giant cockroaches
  2 goblins
  4 hobgoblins
  7 kobolds
  3 quokkas
  3 ball pythons
  2 frilled lizards (D:3)
  2 rats
48 creatures vanquished.

Grand Total: 76 creatures vanquished

Notes
Turn   | Place    | Note
-------+----------+-------------------------------------------
     0 | D:1      | 2FriedEggs the Vampire Summoner began the quest for the
                  | Orb.
     0 | D:1      | Reached XP level 1. HP: 13/13 MP: 3/3
   117 | D:1      | Reached XP level 2. HP: 20/20 MP: 1/5
   946 | D:1      | Gained mutation: You are afflicted with vampirism and can
                  | become a bat while bloodless. [Vampire growth]
   946 | D:1      | Reached XP level 3. HP: 21/25 MP: 2/6
   950 | D:1      | Learned a level 3 spell: Call Canine Familiar
  1262 | D:2      | Reached skill level 1 in Fighting
  1697 | D:2      | Found a sacrificial altar of Ru.
  1764 | D:2      | Reached XP level 4. HP: 25/25 MP: 3/7
  1799 | D:2      | Noticed a nameless horror
  1815 | D:2      | Killed a nameless horror
  2398 | D:3      | Learned a level 2 spell: Call Imp
  2798 | D:3      | Noticed Natasha
  2816 | D:3      | Killed Natasha
  2817 | D:3      | Reached skill level 5 in Summonings
  2833 | D:3      | Noticed Natasha
  2843 | D:3      | Killed Natasha
  2844 | D:3      | Reached XP level 5. HP: 25/30 MP: 1/9
  2891 | D:3      | Noticed Natasha
  2900 | D:3      | Killed Natasha
  3440 | D:4      | Noticed a sky beast
  3447 | D:4      | Killed a sky beast
  3448 | D:4      | Reached XP level 6. HP: 36/36 MP: 4/10
  3866 | D:4      | Learned a level 2 spell: Poisonous Vapours
  3903 | D:4      | Found a bloodstained altar of Trog.
  4115 | D:4      | Found a shadowy altar of Dithmenos.
  4115 | D:4      | Found a stormy altar of Qazlal.
  4116 | D:4      | Found a sacrificial altar of Ru.
  4118 | D:4      | Found a burning altar of Makhleb.
  4118 | D:4      | Found a hide-covered altar of Uskayaw.
  4574 | D:5      | Entered Level 5 of the Dungeon
  4679 | D:5      | Reached skill level 6 in Summonings
  4679 | D:5      | Reached skill level 1 in Poison Magic
  4971 | D:5      | Found a staircase to the Ecumenical Temple.
  4988 | Temple   | Entered the Ecumenical Temple
  5036 | Temple   | Became a worshipper of Ashenzari the Shackled
  5157 | D:5      | Quit the game

Illustrated notes

Levels and vault maps discovered:
D:1:      beargit_arrival_greenhouse, layout_basic, serial_park_tiny_1
D:2:      layout_loops_cross, basic_altar
D:3:      layout_rooms, cheibrodos_sewer_entry_bend, serial_glass,
          glass_columns_b, glass_columns_c, glass_columns_b,
          serial_bayou_pond_d, uniq_natasha
D:4:      layout_gridville, bloody_trog, grunt_temple_overflow_open
D:5:      layout_basic, grunt_temple_overflow_gold_and_silver,
          minmay_temple_entry_antechambers
Temple:   corrupted_temple

Skill      XL: |  1  2  3  4  5  6 |
---------------+-------------------+-----
Fighting       | 1 2 |  2.6
Summonings     | 5 6 |  6.1
Spellcasting   | 3 |  3.4
Poison Magic   | 1 |  1.2
Dodging        | |  2.1
Stealth        | |  3.7

Action                   |  1- 3 |  4- 6 || total
-------------------------+-------+-------++-------
Melee: Unarmed           |     4 |       ||     4
       Bite              |     5 |     9 ||    14
       Flail             |    40 |       ||    40
       Punch             |     1 |       ||     1
       Whip              |    11 |    16 ||    27
       Staff             |       |    25 ||    25
 Fire: Hunting sling     |       |    20 ||    20
 Cast: Summon Small Mamm |    23 |     3 ||    26
       Call Canine Famil |     9 |    33 ||    42
       Call Imp          |       |    20 ||    20
       Poisonous Vapours |       |     3 ||     3
 Abil: Exsanguinate      |     1 |       ||     1
       Revivify          |       |     1 ||     1
  Use: Potion            |       |     3 ||     3
       Scroll            |       |     1 ||     1
 Stab: Sleeping          |     3 |     1 ||     4
Armor: Robe              |    24 |    14 ||    38
Dodge: Dodged            |    46 |    31 ||    77

Table legend: (Time is in decaauts)
 A = Elapsed time spent in this place.
 B = Non-inter-level travel time spent in this place.
 C = Inter-level travel time spent in this place.
 D = Time resting spent in this place.
 E = Time spent auto-exploring this place.
 F = Levels seen in this place.
 G = Mean time per level.
                   A        B        C        D        E       F      G
               +--------+--------+--------+--------+--------+-----+--------+
         Total |   5197 |   5059 |    138 |    327 |   3792 |   6 |  866.2 |
       Dungeon |   5130 |   5009 |    121 |    327 |   3764 |   5 | 1026.0 |
        Temple |     66 |     49 |     17 |      0 |     28 |   1 |   66.0 |
               +--------+--------+--------+--------+--------+-----+--------+

Top non-repeatable levels by time:
     D:1: 1224 daAuts
     D:2: 1185 daAuts
     D:4: 1173 daAuts
     D:3: 1027 daAuts
     D:5: 520 daAuts
  Temple: 66 daAuts
